 Dungeon Crawl Stone Soup version 0.30-a0-800-g7c544603b3 (webtiles) character file.

Game seed: 16412828663466830316

732 cforsyth the Covert (level 8, -5/49 HPs)
             Began as a Kobold Brigand on Feb 23, 2023.
             Slain by a water moccasin (7 damage)
             ... on level 5 of the Dungeon.
             The game lasted 00:09:05 (5647 turns).

cforsyth the Covert (Kobold Brigand)                Turns: 5647, Time: 00:09:06

Health: -5/49      AC:  5    Str:  8    XL:     8   Next: 3%
Magic:  8/8        EV: 15    Int: 12    God:
Gold:   229        SH:  0    Dex: 19    Spells: 7/7 levels left

rFire   + . .      SeeInvis .    F - +3 dagger (heavy)
rCold   + . .      Faith    .    (no shield)
rNeg    . . .      Spirit   .    A - +1 robe {rF+}
rPois   .          Reflect  .    (no helmet)
rElec   .          Harm     .    c - +1 cloak
rCorr   .          Rampage  .    (no gloves)
Will    .....                    (no boots)
Stlth   +++++                    u - amulet of the acrobat
HPRegen 0.28/turn                r - ring of protection from cold
MPRegen 0.11/turn                (no ring)

@: lethally poisoned (-5 -> -22)
A: small, no large weapons, nightstalker 3
a: no special abilities


You were on level 5 of the Dungeon.
You visited 1 branch of the dungeon, and saw 5 of its levels.

You collected 229 gold pieces.

Inventory:

Hand Weapons
 t - a +0 short sword
 E - a +0 short sword
 F - a +3 heavy dagger (weapon)
Missiles
 d - 15 poisoned darts (quivered)
 e - 3 curare-tipped darts
 g - 2 throwing nets
Armour
 b - a +0 robe
 c - a +1 cloak (worn)
 w - a +0 kite shield
 A - a +1 robe of fire resistance (worn)
Jewellery
 k - an amulet of magic regeneration
 o - a +6 ring of intelligence
 r - a ring of protection from cold (left hand)
 u - an amulet of the acrobat (around neck)
 x - a ring of flight
Wands
 y - a wand of digging (2)
 C - a wand of polymorph (6)
Scrolls
 h - 3 scrolls of teleportation
 i - a scroll of amnesia {unknown}
 l - 2 scrolls of enchant armour
 p - a scroll of enchant weapon
 q - a scroll of torment {unknown}
 s - 2 scrolls of magic mapping
 G - a scroll of identify
Potions
 a - a potion of cancellation
 j - a potion of heal wounds
 n - a potion of might
 v - 3 potions of haste
 z - 3 potions of attraction


   Skills:
 + Level 5.2 Fighting
 + Level 6.2 Short Blades
 - Level 2.1 Throwing
 + Level 2.9 Dodging
 + Level 8.2 Stealth
 + Level 1.5 Shields


You had 7 spell levels left.
You didn't know any spells.
Your spell library was empty.

Dungeon Overview and Level Annotations

Branches:
Dungeon (5/15)
 Temple: D:4-7

Altars:
Cheibriados
Fedhas
Sif Muna


Innate Abilities, Weirdness & Mutations

You are small and have problems with some larger weapons.
You are completely attuned to the shadows.


Message History

You are too injured to fight recklessly!
You are too injured to fight recklessly!
You are too injured to fight recklessly!
As you read the scroll labelled UTIDOSUXAO, it crumbles to dust.
You hear a loud clanging noise!
It was a scroll of noise.
* * * LOW HITPOINT WARNING * * *
You feel very sick.
You hear a shout! x2; You hear an angry hiss.
You hear a shout!
The water moccasin bites you.
* * * LOW HITPOINT WARNING * * *
You are more poisoned.
The water moccasin poisons you! The orc hits you but does no damage.
As you read the scroll labelled ZIANGE DAOLOA, it crumbles to dust.
The creatures around you are filled with an inner flame!
It was a scroll of immolation.
* * * LOW HITPOINT WARNING * * *
You feel extremely sick. The water moccasin closely misses you.
The orc barely misses you.
You feel much better.
You feel very sick. The water moccasin bites you!
You are lethally poisoned!
The water moccasin poisons you! The water moccasin misses you.
The orc hits you with a +2 short sword of protection.
As you read the scroll labelled ANOANW NADACY, it crumbles to dust.
The scroll dissolves into smoke.
It was a scroll of fog.
* * * LOW HITPOINT WARNING * * *
You feel very sick. The water moccasin closely misses you.
The orc hits you with a +2 short sword of protection.
* * * LOW HITPOINT WARNING * * *
As you read the scroll labelled EMMIVA COMOY, it crumbles to dust.
It is a scroll of brand weapon.
Your +3 dagger becomes incredibly heavy!
F - a +3 heavy dagger (weapon)
* * * LOW HITPOINT WARNING * * *
You feel very sick. The water moccasin bites you!
You die...

......# *,,,,,,......##
**,,, ......#
**,,,,,,......# **,,
.)†...# *,,,,,,,,.....##
**, ......#
*,,,...........# **
......## *,,............#
* .......#
*,,............# .......#
*,,....§.§.....# .......#
#.....§§§§.....#
.......###....§o@§§.....#
........###...§§S§§...###
.......#.##....§§>...##
.......##.)........###
......####.........# ***
***###* ##.......S#
***,**
##.......#***,,,,**
##......#*,,,,,,,* ***
*##.<...#,~~~~~,,*


You could see a water moccasin (inner flame) and an orc (inner flame).

Vanquished Creatures
  Sigmund (D:2)
  A black bear (D:4)
  2 necrophages
  A jelly (D:5)
  Natasha (twice) (D:2)
  An orc wizard (D:4)
  6 gnolls
  8 adders
  A white imp (D:3)
  A worm (D:3)
  A dart slug (D:5)
  12 orcs
  7 endoplasms
  4 giant cockroaches
  9 goblins
  5 hobgoblins
  8 kobolds
  3 quokkas
  5 ball pythons
  5 bats
  5 frilled lizards
  7 rats
95 creatures vanquished.

Vanquished Creatures (others)
  Natasha (D:2)
1 creature vanquished.

Grand Total: 96 creatures vanquished

Notes
Turn   | Place    | Note
-------+----------+-------------------------------------------
     0 | D:1      | cforsyth the Kobold Brigand began the quest for the Orb.
     0 | D:1      | Reached XP level 1. HP: 12/12 MP: 1/1
   330 | D:1      | Reached XP level 2. HP: 18/18 MP: 2/2
   728 | D:2      | Reached XP level 3. HP: 18/22 MP: 3/3
   834 | D:2      | Noticed Sigmund
   839 | D:2      | Killed Sigmund
   840 | D:2      | Reached skill level 7 in Stealth
   840 | D:2      | Reached XP level 4. HP: 29/29 MP: 4/4
   840 | D:2      | Reached XP level 5. HP: 33/33 MP: 5/5
   840 | D:2      | Reached XP level 6. HP: 38/38 MP: 6/6
   908 | D:2      | Noticed Natasha
   912 | D:2      | Killed Natasha
   913 | D:2      | Reached skill level 5 in Short Blades
  1062 | D:2      | Noticed Natasha
  1093 | D:2      | Killed Natasha
  1196 | D:2      | Noticed Natasha
  1211 | D:2      | Killed Natasha
  1674 | D:3      | Found a blossoming altar of Fedhas.
  1943 | D:3      | Found a snail-covered altar of Cheibriados.
  2078 | D:4      | Reached XP level 7. HP: 19/44 MP: 7/7
  2215 | D:4      | Reached skill level 1 in Shields
  2628 | D:4      | Found a shimmering blue altar of Sif Muna.
  2738 | D:5      | Entered Level 5 of the Dungeon
  2795 | D:5      | Reached skill level 5 in Fighting
  2795 | D:5      | Reached skill level 8 in Stealth
  5154 | D:5      | Noticed a water moccasin
  5241 | D:5      | Noticed a water moccasin
  5635 | D:5      | Reached XP level 8. HP: 38/49 MP: 8/8
  5644 | D:5      | HP: 1/49 [poisoned by a water moccasin]
  5647 | D:5      | Slain by a water moccasin

Illustrated notes

Levels and vault maps discovered:
D:1:      dpeg_arrival_lava_temple_mockup, layout_loops_ring
D:2:      layout_rooms, uniq_natasha, uniq_sigmund
D:3:      minmay_evil_eye, layout_rooms, mainiacjoe_overflow_surrounded_room,
          nicolae_overflow_crystal_walls
D:4:      layout_rooms, lemuel_doored_altar, kennysheep_cluttered_room
D:5:      layout_cave_pods, kennysheep_mini_moat, serial_shops, shop,
          nicolae_shop_statue_plus

Skill      XL: |  1  2  3  4  5  6  7 |
---------------+----------------------+-----
Short Blades   | 3 4 5 6 |  6.2
Fighting       | 4 5 |  5.2
Stealth        | 7 8 |  8.2
Dodging        | 2 |  2.9
Shields        | 1 |  1.5
Throwing       | |  2.1

Action                     |  1- 3 |  4- 6 |  7- 9 || total
---------------------------+-------+-------+-------++-------
  Melee: Dagger            |    34 |   166 |   168 ||   368
         Punch             |     1 |     1 |     3 ||     5
         Unarmed           |       |       |    24 ||    24
    Use: Scroll            |       |       |    14 ||    14
         Potion            |       |       |     4 ||     4
   Stab: Sleeping          |    10 |    22 |    12 ||    44
         Distracted        |     1 |       |     1 ||     2
 Armour: Robe              |     3 |    17 |    16 ||    36
  Dodge: Dodged            |    12 |    57 |   119 ||   188

Table legend: (Time is in decaauts)
 A = Elapsed time spent in this place.
 B = Non-inter-level travel time spent in this place.
 C = Inter-level travel time spent in this place.
 D = Time resting spent in this place.
 E = Time spent auto-exploring this place.
 F = Levels seen in this place.
 G = Mean time per level.
                   A        B        C        D        E       F      G
               +--------+--------+--------+--------+--------+-----+--------+
         Total |   5555 |   5323 |    232 |   1838 |   2341 |   5 | 1111.0 |
       Dungeon |   5555 |   5323 |    232 |   1838 |   2341 |   5 | 1111.0 |
               +--------+--------+--------+--------+--------+-----+--------+

Top non-repeatable levels by time:
     D:4: 3021 daAuts
     D:3: 713 daAuts
     D:2: 677 daAuts
     D:1: 652 daAuts
     D:5: 491 daAuts
